AoeStats
← Sieants

Arabian Desert

509063120Analyzed
1v1 RM · 8d ago on Sep 25, 2026· 42m 19s· 2 players
Game mode
Random Map
Map size
Tiny (2 player)
Population
200
Speed
Normal
Resources
Standard
Victory
Conquest
Starting age
Dark Age
Ending age
Imperial Age
RankedLock teamsTeams togetherTeam positionsShared explorationLock speedFull tech treeHidden civsTurbo modeCheats
Victory
Defeat
🇪🇸 Celts · Spain
1314
+17
🇪🇪 Koreans · Estonia
1326
-17
Sieants
6:44 Loom
11:57 Feudal Age
12:01 Man-at-Arms
12:27 Double-Bit Axe
12:23 Horse Collar
12:31 Arson
15:46 Town Watch
18:58 Wheelbarrow
22:18 Castle Age
21:03 Fletching
21:04 Gold Mining
22:04 Padded Archer Armor
22:20 Elite Skirmisher
22:26 Crossbowman
24:54 Bow Saw
26:53 Bodkin Arrow
28:37 Ballistics
28:55 Leather Archer Armor
37:32 Imperial Age
35:56 Hand Cart
36:33 Scale Mail Armor
37:55 Capped Ram
40:44 Siege Engineers
41:13 Conscription
ุุ
5:09 Loom
9:47 Feudal Age
13:32 Fletching
20:13 Castle Age
18:41 Double-Bit Axe
19:23 Horse Collar
20:35 Crossbowman
21:21 Bodkin Arrow
23:43 Wheelbarrow
26:20 Scale Mail Armor
26:30 Forging
28:59 Ballistics
34:31 Squires
35:51 Hand Cart
35:22 Town Watch
37:47 Gold Mining
37:59 Heavy Plow
39:12 Chain Mail Armor
39:07 Forging
39:39 Masonry
40:07 Arson
44:07 Imperial Age
Connection lost

Rejoining the realm…

Still unreachable

The connection could not be restored.

Session expired

The server has moved on; the page needs a fresh start.